Login

Nashville Predators vs Dallas Stars

Created - April 25, 2024 at 21:42

Goals
1 2 3 T
Nashville Predators 1 1 0 2
Dallas Stars 2 1 1 4
Shots
1 2 3 T
Nashville Predators 9 11 9 29
Dallas Stars 10 8 6 24

GoalsPenalties
1st period
1. Dallas Stars , Alex Tuch 1 (Rasmus Sandin 2, Charlie McAvoy 2) at 2:45
2. Nashville Predators , Ivan Provorov 1 (Matty Beniers 1) at 13:31
3. Dallas Stars , Cale Makar 1 (Jake Sanderson 1, Mikko Rantanen 3) at 17:51
Charlie McAvoy (DAL) for Roughing (Minor) at 8:48
2nd period
4. Nashville Predators , Anthony Cirelli 1 (Shea Theodore 1, Hampus Lindholm 1) at 9:33
5. Dallas Stars , Mikko Rantanen 2 (Lawson Crouse 2, Nico Hischier 2) at 19:46
Charlie McAvoy (DAL) for High sticking (Double Minor) at 12:13
Jared McCann (NSH) for High sticking (Minor) at 12:13
3rd period
6. Dallas Stars , Cale Makar 2 (Charlie McAvoy 3, Alex Tuch 2) at 19:26 (Empty Net)
Morgan Rielly (NSH) for Slashing (Minor) at 19:50
Goalie Stats
Filip Gustavsson (NSH), 20 saves from 23 shots - (0.870), L, 0-2-0, 59:25 minutes
Jordan Binnington (DAL), 27 saves from 29 shots - (0.931), W, 2-0-0, 60:00 minutes
3 StarsOfficial
1 - Cale Makar (DAL)
2 - Alex Tuch (DAL)
3 - Mikko Rantanen (DAL)
Referees : Unknown
Linesman : Unknown
Game Note
Cale Makar has scored in a empty net!
Finance
Level 1 -- Attendance: 6000 (100.00%) -- Ticket Income $600,000
Level 2 -- Attendance: 3755 (75.10%) -- Ticket Income $300,400
Level 3 -- Attendance: 1189 (59.45%) -- Ticket Income $71,340
Level 4 -- Attendance: 3268 (81.70%) -- Ticket Income $98,040
Luxury Box -- Attendance: 1000 (100.00%) -- Ticket Income $120,000
Game was played at the American Airlines Center.
Total Attendance: 15212 (84.51%)
Total Ticket Income: $1,189,780
Total Income: $1,189,780



Team Name Goals Shots Shots Attemp Shots Blocked PIM HIT PP PK FO%
Nashville Predators 2297294210 / 2 (0%)049%
Dallas Stars 42452166220 / 1 (0%)051%

Nashville Predators
Player Name POS G A P +/- PIM HIT SHT SB MP PP MP PP SHT PK MP PK SHT FO% FOT
Anthony CirelliC1010014115:380:0000:09050% 26
Brad MarchandLW/RW0000013019:122:1300:0000% 0
Hampus LindholmD0110040122:411:0700:0900% 0
Ivan ProvorovD1011021120:060:3900:0000% 0
Jared McCannRW000-1223020:141:1800:0000% 0
Juraj SlafkovskyLW000000006:320:0000:0000% 1
Kevin FialaLW/RW000-1023020:441:1800:0000% 0
Matias MaccelliLW/RW0000004018:102:4110:0000% 1
Matty BeniersC011-1003016:011:3600:00055% 20
Mike HoffmanLW/RW000-1001113:230:2800:0000% 0
Morgan RiellyD0000211121:522:5200:0000% 0
Nick BjugstadC/LW000-1040013:040:0000:09033% 3
Nicolas HagueD000-2010315:170:2800:0000% 0
Philipp KurashevC/RW000002007:371:0500:0000% 1
Ryan McLeodC000000106:320:0000:00075% 8
Shea TheodoreD011-1001023:361:2300:0000% 0
Tage ThompsonC/RW000-1012020:441:1800:00043% 21
Will BorgenD000-2002116:271:2900:0900% 0
Dallas Stars
Player Name POS G A P +/- PIM HIT SHT SB MP PP MP PP SHT PK MP PK SHT FO% FOT
Adam LowryC/LW0000012015:480:0002:05063% 19
Alex TuchC/LW/RW1122003019:180:0002:0500% 0
Alexander EdlerD0000010316:210:0001:1800% 0
Andrew PeekeD0000000215:540:0001:4300% 0
Cale MakarD2021034424:080:0901:3000% 0
Charlie McAvoyD0222640021:350:0000:0000% 0
Jake SandersonD0110021420:510:0901:3000% 0
Kaapo KakkoLW/RW0001000116:160:0900:000100% 1
Kyle OkposoLW/RW000-1013013:510:0000:2200% 0
Kyle PalmieriRW000000206:380:0000:00067% 3
Lawson CrouseLW/RW0111021019:120:0901:3810% 3
Michael McLeodC/LW/RW000000117:040:0001:51043% 7
Mikko RantanenC/LW/RW1122001020:110:0000:00067% 3
Nico HischierC/LW/RW0111002018:360:0000:19052% 21
Rasmus SandinD0111041020:470:0001:3500% 0
Tanner PearsonLW000001116:380:0000:0000% 0
Trevor ZegrasC/LW/RW0001022017:230:0900:00042% 24
Wyatt JohnstonC/LW/RW000-1010013:290:0000:0000% 0

Nashville Predators

5 vs 5 Forward
Line #Left WingCenterRight WingPHYDFOFWanted %Time %Time Play
1Kevin FialaTage ThompsonJared McCann0233735%18:43
2Matias MaccelliAnthony CirelliBrad Marchand1223029%15:29
3Nick BjugstadMatty BeniersMike Hoffman1222524%12:55
4Juraj SlafkovskyRyan McLeodPhilipp Kurashev122812%6:32
5 vs 5 Defense
Line #DefenseDefensePHYDFOFWanted %Time %Time Play
1Hampus LindholmShea Theodore1314038%20:14
2Morgan RiellyIvan Provorov1313334%18:09
3Will BorgenNicolas Hague2302728%14:49
4Hampus LindholmShea Theodore12201%0:27
Power Play Forward
Line #Left WingCenterRight WingPHYDFOFWanted %Time %Time Play
1Kevin FialaTage ThompsonJared McCann0057033%1:18
2Brad MarchandMatty BeniersMatias Maccelli0053067%2:41
Power Play Defense
Line #DefenseDefensePHYDFOFWanted %Time %Time Play
1Morgan RiellyShea Theodore0147072%2:52
2Hampus LindholmIvan Provorov0143028%1:07
Penalty Kill 4 Players Forward
Line #CenterWingPHYDFOFWanted %Time %Time Play
1Anthony CirelliNick Bjugstad14050100%0:09
2Ryan McLeodJared McCann140500%0:00
Penalty Kill 4 Players Defense
Line #DefenseDefensePHYDFOFWanted %Time %Time Play
1Hampus LindholmWill Borgen14050100%0:09
2Nicolas HagueIvan Provorov140500%0:00
Penalty Kill 3 Players
Line #WingPHYDFOFWanted %Time %Time PlayDefenseDefensePHYDFOFWanted %Time %Time Play
1Anthony Cirelli050500%0:00 Hampus LindholmWill Borgen050500%0:00
2Nick Bjugstad050500%0:00 Nicolas HagueIvan Provorov050500%0:00
4 vs 4 Forward
Line #CenterWingPHYDFOFWanted %Time %Time Play
1Tage ThompsonKevin Fiala1135024%0:29
2Matty BeniersBrad Marchand1225076%1:30
4 vs 4 Defense
Line #DefensePHYDFOFWanted %Time %Time Play
1Hampus LindholmMorgan Rielly1315034%50% - 0:41
2Shea TheodoreIvan Provorov1315066%50% - 1:18
Last Minutes Offensive
Left WingCenterRight WingDefenseDefense
Kevin FialaTage ThompsonJared McCannMorgan RiellyShea Theodore
Last Minutes Defensive
Left WingCenterRight WingDefenseDefense
Nick BjugstadAnthony CirelliJared McCannHampus LindholmShea Theodore
Time
Total ForwardTotal DefenseLast Minutes OffensiveLast Minutes Defensive
60:00 60:00 0:140:00
Extra Forwards
Normal PowerPlayPenalty Kill
Brad Marchand, Kevin Fiala, Tage ThompsonBrad Marchand, Tage ThompsonRyan McLeod
Extra Defensemen
Normal PowerPlayPenalty Kill
Will Borgen, Nicolas Hague, Morgan RiellyWill Borgen, Nicolas HagueMorgan Rielly
Penalty Shots
Tage Thompson, Kevin Fiala, Jared McCann, Brad Marchand, Matty Beniers
Goalie
Filip Gustavsson, Scott Wedgewood
Scratches
Patric Hornqvist (Healthy), Simon Benoit (Healthy), Vasili Ponomaryov (Healthy), NSH Cap Hit (Suspend)

Dallas Stars

5 vs 5 Forward
Line #Left WingCenterRight WingPHYDFOFWanted %Time %Time Play
1Lawson CrouseNico HischierMikko Rantanen0143432%17:25
2Alex TuchTrevor ZegrasKaapo Kakko0233030%16:07
3Kyle OkposoAdam LowryWyatt Johnston0232625%13:29
4Tanner PearsonMichael McLeodKyle Palmieri1221012%6:38
5 vs 5 Defense
Line #DefenseDefensePHYDFOFWanted %Time %Time Play
1Cale MakarJake Sanderson0233434%18:05
2Charlie McAvoyRasmus Sandin0233434%18:20
3Alexander EdlerAndrew Peeke0322426%14:11
4Cale MakarCharlie McAvoy02386%3:03
Power Play Forward
Line #Left WingCenterRight WingPHYDFOFWanted %Time %Time Play
1Alex TuchNico HischierMikko Rantanen014550%0:00
2Lawson CrouseTrevor ZegrasKaapo Kakko01445100%0:09
Power Play Defense
Line #DefenseDefensePHYDFOFWanted %Time %Time Play
1Cale MakarJake Sanderson11355100%0:09
2Charlie McAvoyRasmus Sandin113450%0:00
Penalty Kill 4 Players Forward
Line #CenterWingPHYDFOFWanted %Time %Time Play
1Adam LowryLawson Crouse1405554%2:08
2Michael McLeodAlex Tuch1404546%1:51
Penalty Kill 4 Players Defense
Line #DefenseDefensePHYDFOFWanted %Time %Time Play
1Charlie McAvoyJake Sanderson1405575%3:00
2Rasmus SandinAndrew Peeke1404525%0:59
Penalty Kill 3 Players
Line #WingPHYDFOFWanted %Time %Time PlayDefenseDefensePHYDFOFWanted %Time %Time Play
1Adam Lowry050550%0:00 Charlie McAvoyJake Sanderson050550%0:00
2Michael McLeod050450%0:00 Rasmus SandinAndrew Peeke050450%0:00
4 vs 4 Forward
Line #CenterWingPHYDFOFWanted %Time %Time Play
1Nico HischierAlex Tuch0235044%0:52
2Trevor ZegrasMikko Rantanen0235056%1:07
4 vs 4 Defense
Line #DefensePHYDFOFWanted %Time %Time Play
1Cale MakarRasmus Sandin1225031%50% - 0:37
2Charlie McAvoyJake Sanderson1225069%50% - 1:22
Last Minutes Offensive
Left WingCenterRight WingDefenseDefense
Alex TuchNico HischierMikko RantanenCale MakarCharlie McAvoy
Last Minutes Defensive
Left WingCenterRight WingDefenseDefense
Alex TuchAdam LowryMikko RantanenCale MakarCharlie McAvoy
Time
Total ForwardTotal DefenseLast Minutes OffensiveLast Minutes Defensive
60:00 60:00 0:000:14
Extra Forwards
Normal PowerPlayPenalty Kill
Alex Tuch, Mikko Rantanen, Nico HischierMikko Rantanen, Nico HischierNico Hischier
Extra Defensemen
Normal PowerPlayPenalty Kill
Cale Makar, Charlie McAvoy, Jake SandersonCale Makar, Charlie McAvoyJake Sanderson
Penalty Shots
Trevor Zegras, Kaapo Kakko, Mikko Rantanen, Alex Tuch, Nico Hischier
Goalie
Jordan Binnington, Spencer Knight
Scratches
DAL Cap Hit (Suspend)


Play-by-Play

1st period


0:01 of 1st period - Nico Hischier wins face-off versus Tage Thompson in neutral zone.
0:53 of 1st period - Hampus Lindholm is hit by Charlie McAvoy and loses puck.
1:14 of 1st period - Shot by Trevor Zegras.
1:14 of 1st period - Stopped by Filip Gustavsson without a rebound.
1:15 of 1st period - Adam Lowry wins face-off versus Matty Beniers in Nashville Predators zone.
1:35 of 1st period - Shot by Adam Lowry.
1:35 of 1st period - Stopped by Filip Gustavsson without a rebound.
1:36 of 1st period - Michael McLeod wins face-off versus Anthony Cirelli in Nashville Predators zone.
1:36 of 1st period - Kyle Palmieri is hit by Ivan Provorov and loses puck.
1:47 of 1st period - Shot by Kyle Palmieri.
1:47 of 1st period - Stopped by Filip Gustavsson without a rebound.
1:48 of 1st period - Ryan McLeod wins face-off versus Adam Lowry in Nashville Predators zone.
1:48 of 1st period - Ryan McLeod is hit by Adam Lowry.
1:51 of 1st period - Icing by Will Borgen.
1:52 of 1st period - Ryan McLeod wins face-off versus Trevor Zegras in Nashville Predators zone.
2:04 of 1st period - Off-side.
2:05 of 1st period - Adam Lowry wins face-off versus Anthony Cirelli in neutral zone.
2:18 of 1st period - Shot by Matias Maccelli.
2:18 of 1st period - Stopped by Jordan Binnington without a rebound.
2:19 of 1st period - Trevor Zegras wins face-off versus Matty Beniers in Dallas Stars zone.
2:19 of 1st period - Trevor Zegras is hit by Nick Bjugstad.
2:45 of 1st period - Shot by Rasmus Sandin.
2:45 of 1st period - Deflect By Alex Tuch.
2:45 of 1st period - Goal by Alex Tuch - Nashville Predators : 0 - Dallas Stars : 1.
2:46 of 1st period - Nico Hischier wins face-off versus Anthony Cirelli in neutral zone.
2:56 of 1st period - Off-side.
2:57 of 1st period - Adam Lowry wins face-off versus Tage Thompson in neutral zone.
3:22 of 1st period - Shot by Jared McCann.
3:22 of 1st period - Shot Blocked by Andrew Peeke.
3:28 of 1st period - Shot by Kevin Fiala.
3:28 of 1st period - Stopped by Jordan Binnington without a rebound.
3:29 of 1st period - Anthony Cirelli wins face-off versus Nico Hischier in Dallas Stars zone.
3:48 of 1st period - Cale Makar is hit by Anthony Cirelli and loses puck.
4:02 of 1st period - Brad Marchand is hit by Jake Sanderson.
4:40 of 1st period - Shot by Kyle Palmieri.
4:40 of 1st period - Shot Blocked by Ivan Provorov.
4:42 of 1st period - Shot by Rasmus Sandin.
4:42 of 1st period - Stopped by Filip Gustavsson without a rebound.
4:43 of 1st period - Trevor Zegras wins face-off versus Tage Thompson in Nashville Predators zone.
4:49 of 1st period - Will Borgen is hit by Alexander Edler and loses puck.
4:56 of 1st period - Shot by Tage Thompson.
4:56 of 1st period - Shot Misses the Net.
5:08 of 1st period - Shot by Jared McCann.
5:08 of 1st period - Shot Misses the Net.
5:29 of 1st period - Icing by Alexander Edler.
5:30 of 1st period - Kaapo Kakko wins face-off versus Matty Beniers in Dallas Stars zone.
5:48 of 1st period - Shot by Matty Beniers.
5:48 of 1st period - Shot Misses the Net.
5:51 of 1st period - Icing by Andrew Peeke.
5:52 of 1st period - Anthony Cirelli wins face-off versus Trevor Zegras in Dallas Stars zone.
6:40 of 1st period - Off-side.
6:41 of 1st period - Ryan McLeod wins face-off versus Adam Lowry in neutral zone.
6:50 of 1st period - Philipp Kurashev is hit by Rasmus Sandin and loses puck.
7:01 of 1st period - Adam Lowry is hit by Philipp Kurashev and loses puck.
7:15 of 1st period - Morgan Rielly is hit by Rasmus Sandin and loses puck.
7:39 of 1st period - Icing by Will Borgen.
7:40 of 1st period - Tage Thompson wins face-off versus Nico Hischier in Nashville Predators zone.
8:48 of 1st period - Minor Penalty to Charlie McAvoy for Roughing.
8:49 of 1st period - Matty Beniers wins face-off versus Michael McLeod in Dallas Stars zone.
9:04 of 1st period - Shot by Morgan Rielly.
9:04 of 1st period - Shot Misses the Net.
9:54 of 1st period - Shot by Jared McCann.
9:54 of 1st period - Shot Blocked by Cale Makar.
9:56 of 1st period - Shot by Ivan Provorov.
9:56 of 1st period - Shot Misses the Net.
9:58 of 1st period - Shot by Ivan Provorov.
9:58 of 1st period - Shot Misses the Net.
10:00 of 1st period - Shot by Hampus Lindholm.
10:00 of 1st period - Shot Blocked by Jake Sanderson.
10:02 of 1st period - Shot by Jared McCann.
10:02 of 1st period - Shot Misses the Net.
10:04 of 1st period - Shot by Ivan Provorov.
10:04 of 1st period - Shot Misses the Net.
10:58 of 1st period - Shot by Mike Hoffman.
10:58 of 1st period - Shot Misses the Net.
11:08 of 1st period - Charlie McAvoy is hit by Nick Bjugstad and loses puck.
11:19 of 1st period - Shot by Will Borgen.
11:19 of 1st period - Shot Blocked by Cale Makar.
11:21 of 1st period - Shot by Matty Beniers.
11:21 of 1st period - Shot Blocked by Cale Makar.
11:28 of 1st period - Icing by Mikko Rantanen.
11:29 of 1st period - Ryan McLeod wins face-off versus Kyle Palmieri in Dallas Stars zone.
12:22 of 1st period - Alexander Edler is hit by Jared McCann and loses puck.
13:00 of 1st period - Icing by Alexander Edler.
13:01 of 1st period - Adam Lowry wins face-off versus Anthony Cirelli in Dallas Stars zone.
13:10 of 1st period - Shot by Brad Marchand.
13:10 of 1st period - Deflect By Matias Maccelli.
13:10 of 1st period - Stopped by Jordan Binnington with a rebound.
13:12 of 1st period - Shot by Nicolas Hague.
13:12 of 1st period - Shot Misses the Net.
13:25 of 1st period - Icing by Alexander Edler.
13:26 of 1st period - Matty Beniers wins face-off versus Adam Lowry in Dallas Stars zone.
13:29 of 1st period - Shot by Matty Beniers.
13:29 of 1st period - Stopped by Jordan Binnington with a rebound.
13:31 of 1st period - Shot by Ivan Provorov.
13:31 of 1st period - Goal by Ivan Provorov - Nashville Predators : 1 - Dallas Stars : 1.
13:32 of 1st period - Matty Beniers wins face-off versus Trevor Zegras in neutral zone.
14:04 of 1st period - Shot by Ivan Provorov.
14:04 of 1st period - Shot Misses the Net.
14:47 of 1st period - Shot by Nico Hischier.
14:47 of 1st period - Stopped by Filip Gustavsson without a rebound.
14:48 of 1st period - Tage Thompson wins face-off versus Michael McLeod in Nashville Predators zone.
14:56 of 1st period - Icing by Cale Makar.
14:57 of 1st period - Tage Thompson wins face-off versus Michael McLeod in Dallas Stars zone.
15:04 of 1st period - Kyle Palmieri is hit by Tage Thompson and loses puck.
15:15 of 1st period - Shot by Kyle Palmieri.
15:15 of 1st period - Stopped by Filip Gustavsson without a rebound.
15:16 of 1st period - Nico Hischier wins face-off versus Anthony Cirelli in Nashville Predators zone.
15:17 of 1st period - Shot by Lawson Crouse.
15:17 of 1st period - Shot Misses the Net.
15:25 of 1st period - Shot by Brad Marchand.
15:25 of 1st period - Stopped by Jordan Binnington without a rebound.
15:26 of 1st period - Tage Thompson wins face-off versus Trevor Zegras in Dallas Stars zone.
15:33 of 1st period - Kevin Fiala is hit by Trevor Zegras and loses puck.
15:42 of 1st period - Shot by Trevor Zegras.
15:42 of 1st period - Deflect By Alex Tuch.
15:42 of 1st period - Shot Misses the Net.
16:50 of 1st period - Shot by Anthony Cirelli.
16:50 of 1st period - Stopped by Jordan Binnington without a rebound.
16:51 of 1st period - Adam Lowry wins face-off versus Nick Bjugstad in Dallas Stars zone.
16:51 of 1st period - Adam Lowry is hit by Nick Bjugstad.
17:19 of 1st period - Shot by Kyle Okposo.
17:19 of 1st period - Shot Misses the Net.
17:47 of 1st period - Shot by Mikko Rantanen.
17:47 of 1st period - Shot Blocked by Nicolas Hague.
17:49 of 1st period - Shot by Jake Sanderson.
17:49 of 1st period - Shot Misses the Net.
17:51 of 1st period - Shot by Cale Makar.
17:51 of 1st period - Goal by Cale Makar - Nashville Predators : 1 - Dallas Stars : 2.
17:52 of 1st period - Kyle Palmieri wins face-off versus Anthony Cirelli in neutral zone.
18:21 of 1st period - Shot by Michael McLeod.
18:21 of 1st period - Shot Misses the Net.
18:23 of 1st period - Shot by Michael McLeod.
18:23 of 1st period - Stopped by Filip Gustavsson without a rebound.
18:24 of 1st period - Mikko Rantanen wins face-off versus Tage Thompson in Nashville Predators zone.
18:42 of 1st period - Jared McCann is hit by Cale Makar and loses puck.
18:47 of 1st period - Shot by Jared McCann.
18:47 of 1st period - Stopped by Jordan Binnington with a rebound.
18:53 of 1st period - Shot by Tage Thompson.
18:53 of 1st period - Stopped by Jordan Binnington without a rebound.
18:54 of 1st period - Ryan McLeod wins face-off versus Trevor Zegras in Dallas Stars zone.
19:09 of 1st period - Shot by Alex Tuch.
19:09 of 1st period - Stopped by Filip Gustavsson without a rebound.
19:10 of 1st period - Adam Lowry wins face-off versus Anthony Cirelli in Nashville Predators zone.
19:17 of 1st period - Shot by Kyle Okposo.
19:17 of 1st period - Shot Misses the Net.
Goals for this period are 1 for Nashville Predators vs 2 for Dallas Stars.
Shots for this period are 9 for Nashville Predators vs 10 for Dallas Stars.

2nd period


0:01 of 2nd period - Nico Hischier wins face-off versus Tage Thompson in neutral zone.
0:04 of 2nd period - Shot by Mikko Rantanen.
0:04 of 2nd period - Shot Blocked by Hampus Lindholm.
0:39 of 2nd period - Nico Hischier is hit by Hampus Lindholm and loses puck.
1:18 of 2nd period - Shot by Trevor Zegras.
1:18 of 2nd period - Stopped by Filip Gustavsson without a rebound.
1:19 of 2nd period - Adam Lowry wins face-off versus Anthony Cirelli in Nashville Predators zone.
1:37 of 2nd period - Adam Lowry is hit by Morgan Rielly and loses puck.
1:47 of 2nd period - Shot by Kyle Okposo.
1:47 of 2nd period - Shot Misses the Net.
1:49 of 2nd period - Shot by Andrew Peeke.
1:49 of 2nd period - Shot Misses the Net.
1:55 of 2nd period - Shot by Wyatt Johnston.
1:55 of 2nd period - Deflect By Kyle Okposo.
1:55 of 2nd period - Stopped by Filip Gustavsson without a rebound.
1:56 of 2nd period - Nico Hischier wins face-off versus Matty Beniers in Nashville Predators zone.
2:19 of 2nd period - Shot by Mike Hoffman.
2:19 of 2nd period - Stopped by Jordan Binnington without a rebound.
2:20 of 2nd period - Ryan McLeod wins face-off versus Trevor Zegras in Dallas Stars zone.
2:27 of 2nd period - Shot by Juraj Slafkovsky.
2:27 of 2nd period - Deflect By Ryan McLeod.
2:27 of 2nd period - Stopped by Jordan Binnington without a rebound.
2:28 of 2nd period - Anthony Cirelli wins face-off versus Trevor Zegras in Dallas Stars zone.
2:37 of 2nd period - Shot by Matias Maccelli.
2:37 of 2nd period - Stopped by Jordan Binnington without a rebound.
2:38 of 2nd period - Nick Bjugstad wins face-off versus Nico Hischier in Dallas Stars zone.
2:38 of 2nd period - Hampus Lindholm is hit by Jake Sanderson and loses puck.
2:55 of 2nd period - Icing by Shea Theodore.
2:56 of 2nd period - Trevor Zegras wins face-off versus Matty Beniers in Nashville Predators zone.
3:05 of 2nd period - Shot by Trevor Zegras.
3:05 of 2nd period - Shot Misses the Net.
3:07 of 2nd period - Shot by Charlie McAvoy.
3:07 of 2nd period - Shot Misses the Net.
3:09 of 2nd period - Shot by Rasmus Sandin.
3:09 of 2nd period - Shot Blocked by Mike Hoffman.
4:33 of 2nd period - Kevin Fiala is hit by Cale Makar and loses puck.
4:59 of 2nd period - Shot by Brad Marchand.
4:59 of 2nd period - Shot Blocked by Jake Sanderson.
5:01 of 2nd period - Shot by Will Borgen.
5:01 of 2nd period - Stopped by Jordan Binnington without a rebound.
5:02 of 2nd period - Adam Lowry wins face-off versus Ryan McLeod in Dallas Stars zone.
5:09 of 2nd period - Shot by Wyatt Johnston.
5:09 of 2nd period - Shot Blocked by Nicolas Hague.
5:31 of 2nd period - Icing by Philipp Kurashev.
5:32 of 2nd period - Trevor Zegras wins face-off versus Ryan McLeod in Nashville Predators zone.
6:11 of 2nd period - Matias Maccelli is hit by Rasmus Sandin.
6:36 of 2nd period - Shot by Kyle Okposo.
6:36 of 2nd period - Shot Misses the Net.
6:38 of 2nd period - Shot by Adam Lowry.
6:38 of 2nd period - Shot Blocked by Anthony Cirelli.
6:40 of 2nd period - Shot by Adam Lowry.
6:40 of 2nd period - Stopped by Filip Gustavsson without a rebound.
6:41 of 2nd period - Michael McLeod wins face-off versus Tage Thompson in Nashville Predators zone.
7:04 of 2nd period - Shot by Tanner Pearson.
7:04 of 2nd period - Stopped by Filip Gustavsson without a rebound.
7:05 of 2nd period - Matty Beniers wins face-off versus Nico Hischier in Nashville Predators zone.
7:26 of 2nd period - Shot by Matty Beniers.
7:26 of 2nd period - Stopped by Jordan Binnington without a rebound.
7:27 of 2nd period - Adam Lowry wins face-off versus Tage Thompson in Dallas Stars zone.
8:00 of 2nd period - Off-side.
8:01 of 2nd period - Mikko Rantanen wins face-off versus Anthony Cirelli in neutral zone.
8:06 of 2nd period - Icing by Hampus Lindholm.
8:07 of 2nd period - Nico Hischier wins face-off versus Matias Maccelli in Nashville Predators zone.
8:28 of 2nd period - Off-side.
8:29 of 2nd period - Trevor Zegras wins face-off versus Tage Thompson in neutral zone.
8:29 of 2nd period - Charlie McAvoy is hit by Jared McCann and loses puck.
8:34 of 2nd period - Shot by Jared McCann.
8:34 of 2nd period - Shot Misses the Net.
8:47 of 2nd period - Tage Thompson is hit by Charlie McAvoy and loses puck.
8:55 of 2nd period - Kevin Fiala is hit by Charlie McAvoy.
9:09 of 2nd period - Shot by Kevin Fiala.
9:09 of 2nd period - Stopped by Jordan Binnington without a rebound.
9:10 of 2nd period - Anthony Cirelli wins face-off versus Nico Hischier in Dallas Stars zone.
9:11 of 2nd period - Shot by Matias Maccelli.
9:11 of 2nd period - Deflect By Anthony Cirelli.
9:11 of 2nd period - Stopped by Jordan Binnington without a rebound.
9:12 of 2nd period - Anthony Cirelli wins face-off versus Nico Hischier in Dallas Stars zone.
9:21 of 2nd period - Shot by Matias Maccelli.
9:21 of 2nd period - Shot Blocked by Cale Makar.
9:31 of 2nd period - Shot by Anthony Cirelli.
9:31 of 2nd period - Shot Misses the Net.
9:33 of 2nd period - Shot by Anthony Cirelli.
9:33 of 2nd period - Goal by Anthony Cirelli - Nashville Predators : 2 - Dallas Stars : 2.
9:34 of 2nd period - Matty Beniers wins face-off versus Adam Lowry in neutral zone.
10:04 of 2nd period - Adam Lowry is hit by Ivan Provorov and loses puck.
10:07 of 2nd period - Shot by Wyatt Johnston.
10:07 of 2nd period - Shot Misses the Net.
10:09 of 2nd period - Shot by Kyle Okposo.
10:09 of 2nd period - Stopped by Filip Gustavsson without a rebound.
10:10 of 2nd period - Nico Hischier wins face-off versus Tage Thompson in Nashville Predators zone.
10:25 of 2nd period - Shot by Nico Hischier.
10:25 of 2nd period - Stopped by Filip Gustavsson without a rebound.
10:26 of 2nd period - Anthony Cirelli wins face-off versus Trevor Zegras in Nashville Predators zone.
11:27 of 2nd period - Icing by Kevin Fiala.
11:28 of 2nd period - Tage Thompson wins face-off versus Nico Hischier in Nashville Predators zone.
11:28 of 2nd period - Shea Theodore is hit by Lawson Crouse and loses puck.
11:34 of 2nd period - Shea Theodore is hit by Rasmus Sandin and loses puck.
12:13 of 2nd period - Double Minor Penalty to Charlie McAvoy for High sticking.
12:13 of 2nd period - Minor Penalty to Jared McCann for High sticking.
12:14 of 2nd period - Trevor Zegras wins face-off versus Matty Beniers in Dallas Stars zone.
13:23 of 2nd period - Shot by Tage Thompson.
13:23 of 2nd period - Stopped by Jordan Binnington without a rebound.
13:24 of 2nd period - Matty Beniers wins face-off versus Trevor Zegras in Dallas Stars zone.
14:43 of 2nd period - Shot by Lawson Crouse.
14:43 of 2nd period - Stopped by Filip Gustavsson with a rebound.
15:19 of 2nd period - Shot by Matias Maccelli.
15:19 of 2nd period - Stopped by Jordan Binnington without a rebound.
15:20 of 2nd period - Matty Beniers wins face-off versus Adam Lowry in Dallas Stars zone.
16:27 of 2nd period - Shot by Shea Theodore.
16:27 of 2nd period - Stopped by Jordan Binnington with a rebound.
17:16 of 2nd period - Off-side.
17:17 of 2nd period - Kyle Palmieri wins face-off versus Tage Thompson in neutral zone.
18:52 of 2nd period - Icing by Charlie McAvoy.
18:53 of 2nd period - Adam Lowry wins face-off versus Anthony Cirelli in Dallas Stars zone.
19:17 of 2nd period - Wyatt Johnston is hit by Nicolas Hague and loses puck.
19:44 of 2nd period - Shot by Mikko Rantanen.
19:44 of 2nd period - Shot Blocked by Nicolas Hague.
19:46 of 2nd period - Shot by Lawson Crouse.
19:46 of 2nd period - Deflect By Mikko Rantanen.
19:46 of 2nd period - Goal by Mikko Rantanen - Nashville Predators : 2 - Dallas Stars : 3.
19:47 of 2nd period - Matty Beniers wins face-off versus Trevor Zegras in neutral zone.
Goals for this period are 1 for Nashville Predators vs 1 for Dallas Stars.
Shots for this period are 11 for Nashville Predators vs 8 for Dallas Stars.

3rd period


0:01 of 3rd period - Matty Beniers wins face-off versus Lawson Crouse in neutral zone.
0:03 of 3rd period - Off-side.
0:04 of 3rd period - Nico Hischier wins face-off versus Matty Beniers in neutral zone.
1:24 of 3rd period - Shot by Alex Tuch.
1:24 of 3rd period - Shot Misses the Net.
1:26 of 3rd period - Shot by Cale Makar.
1:26 of 3rd period - Stopped by Filip Gustavsson without a rebound.
1:27 of 3rd period - Anthony Cirelli wins face-off versus Adam Lowry in Nashville Predators zone.
1:27 of 3rd period - Anthony Cirelli is hit by Kyle Okposo.
1:57 of 3rd period - Off-side.
1:58 of 3rd period - Tage Thompson wins face-off versus Michael McLeod in neutral zone.
3:00 of 3rd period - Off-side.
3:01 of 3rd period - Trevor Zegras wins face-off versus Anthony Cirelli in neutral zone.
3:27 of 3rd period - Shot by Alex Tuch.
3:27 of 3rd period - Shot Misses the Net.
3:41 of 3rd period - Morgan Rielly is hit by Trevor Zegras and loses puck.
3:49 of 3rd period - Icing by Morgan Rielly.
3:50 of 3rd period - Anthony Cirelli wins face-off versus Nico Hischier in Nashville Predators zone.
3:55 of 3rd period - Shot by Mikko Rantanen.
3:55 of 3rd period - Shot Blocked by Morgan Rielly.
4:01 of 3rd period - Shot by Nico Hischier.
4:01 of 3rd period - Shot Misses the Net.
4:03 of 3rd period - Shot by Jake Sanderson.
4:03 of 3rd period - Stopped by Filip Gustavsson with a rebound.
4:50 of 3rd period - Shot by Adam Lowry.
4:50 of 3rd period - Shot Misses the Net.
5:47 of 3rd period - Trevor Zegras is hit by Hampus Lindholm and loses puck.
6:01 of 3rd period - Kaapo Kakko is hit by Hampus Lindholm and loses puck.
6:10 of 3rd period - Shot by Kevin Fiala.
6:10 of 3rd period - Stopped by Jordan Binnington with a rebound.
6:27 of 3rd period - Icing by Andrew Peeke.
6:28 of 3rd period - Trevor Zegras wins face-off versus Matty Beniers in Dallas Stars zone.
6:42 of 3rd period - Icing by Nicolas Hague.
6:43 of 3rd period - Matty Beniers wins face-off versus Nico Hischier in Nashville Predators zone.
6:43 of 3rd period - Matty Beniers is hit by Lawson Crouse.
7:08 of 3rd period - Shot by Matty Beniers.
7:08 of 3rd period - Shot Misses the Net.
7:11 of 3rd period - Icing by Jake Sanderson.
7:12 of 3rd period - Nico Hischier wins face-off versus Philipp Kurashev in Dallas Stars zone.
7:49 of 3rd period - Ryan McLeod is hit by Cale Makar.
8:21 of 3rd period - Shot by Kyle Okposo.
8:21 of 3rd period - Shot Blocked by Will Borgen.
10:31 of 3rd period - Hampus Lindholm is hit by Tanner Pearson and loses puck.
11:03 of 3rd period - Shot by Tage Thompson.
11:03 of 3rd period - Shot Misses the Net.
11:05 of 3rd period - Shot by Kevin Fiala.
11:05 of 3rd period - Shot Misses the Net.
11:07 of 3rd period - Shot by Jared McCann.
11:07 of 3rd period - Shot Blocked by Jake Sanderson.
11:09 of 3rd period - Shot by Will Borgen.
11:09 of 3rd period - Stopped by Jordan Binnington without a rebound.
11:10 of 3rd period - Nico Hischier wins face-off versus Matty Beniers in Dallas Stars zone.
11:10 of 3rd period - Nico Hischier is hit by Nick Bjugstad.
12:01 of 3rd period - Icing by Ivan Provorov.
12:02 of 3rd period - Matty Beniers wins face-off versus Adam Lowry in Nashville Predators zone.
12:02 of 3rd period - Matty Beniers is hit by Wyatt Johnston.
12:22 of 3rd period - Alexander Edler is hit by Kevin Fiala and loses puck.
12:35 of 3rd period - Shot by Jared McCann.
12:35 of 3rd period - Shot Blocked by Alexander Edler.
12:37 of 3rd period - Shot by Will Borgen.
12:37 of 3rd period - Shot Blocked by Alexander Edler.
12:39 of 3rd period - Shot by Jared McCann.
12:39 of 3rd period - Stopped by Jordan Binnington without a rebound.
12:40 of 3rd period - Trevor Zegras wins face-off versus Anthony Cirelli in Dallas Stars zone.
12:40 of 3rd period - Trevor Zegras is hit by Brad Marchand.
12:55 of 3rd period - Shot by Alex Tuch.
12:55 of 3rd period - Deflect By Trevor Zegras.
12:55 of 3rd period - Shot Misses the Net.
12:57 of 3rd period - Shot by Cale Makar.
12:57 of 3rd period - Stopped by Filip Gustavsson without a rebound.
12:58 of 3rd period - Tage Thompson wins face-off versus Nico Hischier in Nashville Predators zone.
13:07 of 3rd period - Shot by Jared McCann.
13:07 of 3rd period - Stopped by Jordan Binnington without a rebound.
13:08 of 3rd period - Anthony Cirelli wins face-off versus Trevor Zegras in Dallas Stars zone.
13:24 of 3rd period - Icing by Charlie McAvoy.
13:25 of 3rd period - Tage Thompson wins face-off versus Trevor Zegras in Dallas Stars zone.
13:38 of 3rd period - Shot by Kevin Fiala.
13:38 of 3rd period - Shot Blocked by Kaapo Kakko.
13:48 of 3rd period - Shot by Tage Thompson.
13:48 of 3rd period - Shot Misses the Net.
13:50 of 3rd period - Shot by Morgan Rielly.
13:50 of 3rd period - Stopped by Jordan Binnington without a rebound.
13:51 of 3rd period - Anthony Cirelli wins face-off versus Mikko Rantanen in Dallas Stars zone.
14:28 of 3rd period - Shot by Anthony Cirelli.
14:28 of 3rd period - Shot Blocked by Jake Sanderson.
14:30 of 3rd period - Shot by Brad Marchand.
14:30 of 3rd period - Shot Misses the Net.
14:32 of 3rd period - Shot by Brad Marchand.
14:32 of 3rd period - Stopped by Jordan Binnington without a rebound.
14:33 of 3rd period - Adam Lowry wins face-off versus Tage Thompson in Dallas Stars zone.
14:33 of 3rd period - Adam Lowry is hit by Kevin Fiala.
15:15 of 3rd period - Shot by Tage Thompson.
15:15 of 3rd period - Shot Misses the Net.
15:41 of 3rd period - Nick Bjugstad is hit by Charlie McAvoy and loses puck.
15:44 of 3rd period - Shot by Mike Hoffman.
15:44 of 3rd period - Shot Misses the Net.
15:54 of 3rd period - Shot by Matty Beniers.
15:54 of 3rd period - Stopped by Jordan Binnington without a rebound.
15:55 of 3rd period - Anthony Cirelli wins face-off versus Lawson Crouse in Dallas Stars zone.
16:09 of 3rd period - Icing by Hampus Lindholm.
16:10 of 3rd period - Anthony Cirelli wins face-off versus Trevor Zegras in Nashville Predators zone.
16:30 of 3rd period - Shot by Brad Marchand.
16:30 of 3rd period - Deflect By Anthony Cirelli.
16:30 of 3rd period - Shot Blocked by Alexander Edler.
16:32 of 3rd period - Shot by Anthony Cirelli.
16:32 of 3rd period - Shot Misses the Net.
16:34 of 3rd period - Shot by Matias Maccelli.
16:34 of 3rd period - Shot Blocked by Andrew Peeke.
16:36 of 3rd period - Shot by Shea Theodore.
16:36 of 3rd period - Shot Misses the Net.
16:38 of 3rd period - Shot by Anthony Cirelli.
16:38 of 3rd period - Stopped by Jordan Binnington without a rebound.
16:39 of 3rd period - Tage Thompson wins face-off versus Lawson Crouse in Dallas Stars zone.
17:01 of 3rd period - Shot by Jared McCann.
17:01 of 3rd period - Deflect By Tage Thompson.
17:01 of 3rd period - Shot Misses the Net.
17:03 of 3rd period - Shot by Tage Thompson.
17:03 of 3rd period - Deflect By Jared McCann.
17:03 of 3rd period - Shot Misses the Net.
17:07 of 3rd period - Shot by Jared McCann.
17:07 of 3rd period - Shot Misses the Net.
17:36 of 3rd period - Off-side.
17:37 of 3rd period - Trevor Zegras wins face-off versus Nick Bjugstad in neutral zone.
17:52 of 3rd period - Shot by Alex Tuch.
17:52 of 3rd period - Stopped by Filip Gustavsson with a rebound.
17:54 of 3rd period - Shot by Alex Tuch.
17:54 of 3rd period - Shot Misses the Net.
18:01 of 3rd period - Trevor Zegras is hit by Hampus Lindholm and loses puck.
18:16 of 3rd period - Shot by Rasmus Sandin.
18:16 of 3rd period - Shot Misses the Net.
18:41 of 3rd period - Shot by Kyle Okposo.
18:41 of 3rd period - Stopped by Filip Gustavsson without a rebound.
18:42 of 3rd period - Michael McLeod wins face-off versus Anthony Cirelli in Nashville Predators zone.
18:51 of 3rd period - Nashville Predators, Filip Gustavsson is pulled from the net.
18:51 of 3rd period - Shot by Brad Marchand.
18:51 of 3rd period - Shot Blocked by Tanner Pearson.
19:06 of 3rd period - Shot by Brad Marchand.
19:06 of 3rd period - Shot Blocked by Michael McLeod.
19:08 of 3rd period - Shot by Brad Marchand.
19:08 of 3rd period - Shot Misses the Net.
19:10 of 3rd period - Shot by Brad Marchand.
19:10 of 3rd period - Shot Misses the Net.
19:12 of 3rd period - Shot by Brad Marchand.
19:12 of 3rd period - Stopped by Jordan Binnington without a rebound.
19:13 of 3rd period - Adam Lowry wins face-off versus Tage Thompson in Dallas Stars zone.
19:26 of 3rd period - Shot by Cale Makar.
19:26 of 3rd period - Goal by Cale Makar - Nashville Predators : 2 - Dallas Stars : 4.
19:26 of 3rd period - Filip Gustavsson from Nashville Predators was sent back in the game.
19:27 of 3rd period - Nico Hischier wins face-off versus Juraj Slafkovsky in neutral zone.
19:27 of 3rd period - Lawson Crouse is hit by Philipp Kurashev.
19:50 of 3rd period - Minor Penalty to Morgan Rielly for Slashing.
19:51 of 3rd period - Anthony Cirelli wins face-off versus Trevor Zegras in Nashville Predators zone.
19:59 of 3rd period - Off-side.
Goals for this period are 0 for Nashville Predators vs 1 for Dallas Stars.
Shots for this period are 9 for Nashville Predators vs 6 for Dallas Stars.